 Dungeon Crawl Stone Soup version 0.28.0-1-gb440e238dd (webtiles) character file.

Game seed: 5266662556255419516

21888 Cykl0x the Destroyer (level 12, 0/75 HPs)
             Began as a Gargoyle Earth Elementalist on Feb 20, 2022.
             Was a Priest of the Shining One.
             Slain by a meliai (11 damage)
             ... on level 13 of the Dungeon.
             The game lasted 00:39:04 (17401 turns).

Cykl0x the Destroyer (Gargoyle Earth Elementalist) Turns: 17401, Time: 00:39:04

Health: 0/75       AC: 26    Str: 22    XL:     12   Next: 94%
Magic:  17/34      EV:  8    Int: 25    God:    the Shining One [***...]
Gold:   733        SH:  6    Dex: 10    Spells: 13/29 levels left

rFire   + . .      SeeInvis .   m - +1 falchion (flame)
rCold   . . .      Faith    .   L - +3 warlock's mirror {reflect}
rNeg    + + .      Spirit   .   I - +4 chain mail of Moral Flaws {rF+ Regen+ Str+8}
rPois   ∞          Reflect  +   n - +1 helmet
rElec   +          Harm     .   (no cloak)
rCorr   .          Rampage  .   t - +0 pair of gloves
Will    .....                   (no boots)
Stlth   ..........              (no amulet)
HPRegen 1.02/turn               j - ring of magical power
MPRegen 0.24/turn               J - +6 ring of intelligence

@: very slightly contaminated, glowing
A: sickness immunity, AC +8, negative energy resistance 1, electricity
resistance, torment resistance 1, petrification resistance
a: Renounce Religion, Divine Shield, Cleansing Flame


You were on level 13 of the Dungeon.
You worshipped the Shining One.
The Shining One was most pleased with you.
You visited 2 branches of the dungeon, and saw 14 of its levels.
You also visited: Sewer.

You collected 813 gold pieces.
You spent 80 gold pieces at shops.

Inventory:

Hand Weapons
 d - a +0 dagger
 e - a +0 short sword
 f - a +1 short sword of flaming
 l - a +0 club
 m - a +1 falchion of flaming (weapon)
 s - a +0 long sword
Missiles
 c - 437 stones
 F - 2 throwing nets
Armour
 a - a +0 ring mail
 b - a +0 robe
 i - a +0 scale mail
 n - a +1 helmet (worn)
 t - a +0 pair of gloves (worn)
 x - a +0 leather armour
 I - the +4 chain mail of Moral Flaws (worn) {rF+ Regen+ Str+8}
   (You found it on level 9 of the Dungeon)

   Str:       It affects your strength (+8).
   rF:        It protects you from fire.
   Regen:     It increases your rate of health regeneration.
 K - the +4 robe of Augmentation {Str+4 Int+4 Dex+4}
   (You found it on level 7 of the Dungeon)

   Str:       It affects your strength (+4).
   Int:       It affects your intelligence (+4).
   Dex:       It affects your dexterity (+4).
 L - the +3 warlock's mirror (worn) {reflect}
   (You acquired it on level 7 of the Dungeon)

   It can block and reflect piercing ranged attacks and magical attacks against
   the wielder's willpower.
Jewellery
 j - a ring of magical power (left hand)
 w - a ring of fire
 J - a +6 ring of intelligence (right hand)
 N - a +4 ring of evasion
 R - a +6 ring of dexterity
 S - a ring of protection from cold
Wands
 q - a wand of paralysis (7)
 E - a wand of iceblast (11)
 Q - a wand of acid (3)
Scrolls
 o - 2 scrolls of teleportation
 v - 3 scrolls of blinking
 y - 4 scrolls of enchant armour
 H - a scroll of silence
 M - 2 scrolls of immolation
 P - 5 scrolls of identify
 U - a scroll of amnesia
Potions
 g - a potion of resistance
 h - 3 potions of flight
 k - a potion of degeneration
 p - 3 potions of attraction
 r - 5 potions of haste
 u - 2 potions of brilliance
 z - 5 potions of might {unknown}
 A - a potion of lignification {unknown}
 B - 3 potions of curing
 C - 3 potions of heal wounds
 D - a potion of magic {unknown}
 G - 2 potions of berserk rage {unknown}
 O - a potion of mutation {unknown}
 V - a potion of cancellation {unknown}


   Skills:
 * Level 8.9 Fighting
 + Level 4.9 Long Blades
 + Level 5.2 Armour
 + Level 3.2 Dodging
 - Level 2.1 Stealth
 + Level 0.1 Unarmed Combat
 + Level 9.4 Spellcasting
 + Level 12.2 Conjurations
 - Level 0.7 Transmutations
 + Level 0.1 Fire Magic
 + Level 10.9 Earth Magic
 + Level 5.3 Invocations
 + Level 0.3 Evocations


You had 13 spell levels left.
You knew the following spells:

 Your Spells              Type           Power      Damage    Failure   Level
a - Sandblast             Erth           100%       2d20      1%          1
b - Stone Arrow           Conj/Erth      100%       3d13      1%          3
c - Passwall              Tmut/Erth      33%        N/A       8%          2
d - Iskenderun's Battles  Conj           64%        2d11      11%         5
e - Fireball              Conj/Fire      21%        3d10      77%         5

Your spell library contained the following spells:

 Spells                   Type           Power      Damage    Failure   Level
 Magic Dart               Conj           100%       1d8       1%          1
 Conjure Flame            Conj/Fire      42%        6-21      13%         3
 Mephitic Cloud           Conj/Pois/Air  32%        N/A       30%         3
 Sticky Flame             Conj/Fire      42%        2d6       41%         4
 Sting                    Tmut/Pois      52%        1d5       43%         1
 Petrify                  Tmut/Erth      40%        N/A       45%         4
 Blink                    Tloc           22%        N/A       63%         2
 Call Imp                 Summ           11%        N/A       63%         2
 Corpse Rot               Necr/Air       22%        N/A       63%         2
 Poisonous Vapours        Pois/Air       22%        N/A       63%         2
 Ignite Poison            Fire/Tmut/Pois 13%        N/A       83%         3
 Confusing Touch          Hex            11%        N/A       86%         3
 Portal Projectile        Hex/Tloc       22%        N/A       86%         3
 Orb of Destruction       Conj           32%        9d10      97%         7
 Dispel Undead            Necr           11%        3d9       99%         4
 Olgreb's Toxic Radiance  Pois           11%        N/A       99%         4
 Summon Ice Beast         Ice/Summ       11%        N/A       99%         4
 Blade Hands              Tmut           7%         N/A       100%        5
 Excruciating Wounds      Necr           5%         N/A       100%        5
 Manifold Assault         Tloc           11%        N/A       100%        5
 Summon Mana Viper        Hex/Summ       11%        N/A       100%        5
 Yara's Violent Unravell  Hex/Tmut       6%         3d5       100%        5
 Conjure Ball Lightning   Conj/Air       21%        3x3d6     100%        6
 Death Channel            Necr           5%         N/A       100%        6
 Enfeeble                 Hex            5%         N/A       100%        7
 Monstrous Menagerie      Summ           5%         N/A       100%        7
 Storm Form               Tmut/Air       6%         N/A       100%        7


Dungeon Overview and Level Annotations

Branches:
Dungeon (13/15)            Temple (1/1) D:4            Lair (0/6) D:9
    Orc (0/2) D:11          Sewer (visited)
 Vaults: D:13-14

Altars:
Cheibriados
Dithmenos
Fedhas
Kikubaaqudgha
Makhleb
Nemelex Xobeh
Okawaru
Qazlal
Ru
Trog
Vehumet
Wu Jian
Xom
Zin
The Shining One

Shops:
D:4 !   D:8 (   D:13 :

Annotations:
D:9 2 transporters, NoOffense's ghost, novice SpEE


Innate Abilities, Weirdness & Mutations

You are immune to sickness and miasma.
Your stone body is resilient. (AC +8)
You are immune to poison.
You resist negative energy. (rN+)
You are resistant to electric shocks. (rElec)
You are resistant to unholy torment.
You are immune to petrification.


Message History

The stone arrow hits the meliai!!
The meliai is severely wounded.
Your battlesphere fires!
The barrage of energy hits the meliai!
The meliai is heavily wounded.
You block the meliai's attack.
The meliai stings you but does no damage.
The meliai hits you with a +0 war axe!
The meliai stings you but does no damage.
The meliai completely misses you.
The meliai stings you but does no damage.
The meliai calls upon its god to heal the meliai.
The meliai is healed somewhat.
Casting: Stone Arrow (safe; 1% risk of failure)
Confirm with . or Enter, or press ? or * to list all spells.
Aiming: Stone Arrow (safe; 1% risk of failure)
Press: ? - help, Shift-Dir - straight line, f/p - meliai
Aim: a meliai, wielding a +0 war axe and wearing a +0 robe (severely wounded, haloed, 76% to hit)
You miscast Stone Arrow.
You are very lightly contaminated with residual magic.
Nothing appears to happen.
The meliai hits you but does no damage. The meliai stings you!
The meliai hits you but does no damage. The meliai closely misses you.
The meliai calls upon its god to heal the meliai.
The meliai is healed somewhat.
A gargoyle comes into view. It is wielding a +0 flail.
The meliai calls down the wrath of its god upon you.
Something smites you!
* * * LOW HITPOINT WARNING * * *
Unknown command.
Unknown command.
You feel much better. The meliai hits you with a +0 hand axe!
* * * LOW HITPOINT WARNING * * *
The meliai stings you but does no damage.
The meliai hits you but does no damage.
The meliai stings you but does no damage.
The meliai hits you with a +0 hand axe!
* * * LOW HITPOINT WARNING * * *
The meliai barely misses you. The meliai hits you with a +0 war axe!
You die...

#... .....# # ≈≈(.
#..... .....# #
9..###....# ####...#
#
.........###......###
....................
.....#.............
.†...#......°......
#yy......###......
#@.......# #...##.
#...*....# #...##.
#........# #...##.
#........# #######
#........# #........#
#........# ##########


You could see a gargoyle, 2 meliai and a friendly battlesphere.

Vanquished Creatures
  Snorg (D:10)
  2 hydras
  A catoblepas (D:9)
  A tengu warrior (D:13)
  4 skeletal warriors (D:13)
  Pikel (D:7)
  A deep elf pyromancer (D:12)
  An orc knight (D:11)
  2 manticores
  Maurice (D:9)
  2 water nymphs (D:12)
  A gargoyle (D:10)
  A komodo dragon (D:11)
  Psyche (D:9)
  2 unseen horrors
  3 trolls
  A tengu conjurer (D:13)
  A meliai (D:13)
  A meliai (shapeshifter) (D:8)
  A hornet (D:8)
  A meliai zombie (D:11)
  3 shadows
  A yak (shapeshifter) (D:8)
  A water elemental (D:11)
  A wraith (D:11)
  11 yaks
  A wyvern (D:9)
  4 vampire mosquitoes (D:12)
  3 acid dragons
  6 water moccasins
  A floating eye (shapeshifter) (D:13)
  2 black bears
  3 sky beasts
  3 ice beasts
  7 orc warriors
  A necrophage (D:6)
  An ogre (D:6)
  6 centaurs
  4 phantoms
  A kobold brigand (D:7)
  4 gnoll sergeants
  2 bullfrogs
  4 scorpions
  A wyvern zombie (D:6)
  12 killer bees (D:9)
  3 wights (D:7)
  7 electric eels
  6 howler monkeys
  5 centaur zombies
  A bullfrog zombie (D:6)
  3 hounds
  8 orc priests
  4 jellies
  2 gnoll shamans
  A centaur skeleton (D:5)
  6 iguanas
  8 orc wizards
  2 howler monkey zombies
  Robin (D:2)
  16 gnolls
  A howler monkey skeleton (D:6)
  9 adders
  A river rat (Sewer)
  A shadow imp (D:7)
  5 white imps
  An ufetubus (D:6)
  3 worms
  2 dart slugs
  36 orcs
  8 ball pythons
  4 bats
  16 endoplasms
  10 giant cockroaches
  17 goblins
  9 hobgoblins
  5 jackals (D:3)
  6 quokkas
  9 frilled lizards
  13 kobolds
  5 rats
347 creatures vanquished.

Vanquished Creatures (others)
  An electric eel (D:12)
  5 fungi (D:9)
  7 plants
13 creatures vanquished.

Grand Total: 360 creatures vanquished

Notes
Turn   | Place    | Note
-------+----------+-------------------------------------------
     0 | D:1      | Cykl0x the Gargoyle Earth Elementalist began the quest for
                  | the Orb.
     0 | D:1      | Reached XP level 1. HP: 10/10 MP: 3/3
    91 | D:1      | Reached XP level 2. HP: 10/15 MP: 0/5
    93 | D:1      | Reached skill level 1 in Conjurations
   707 | D:1      | Reached XP level 3. HP: 19/19 MP: 4/6
   711 | D:1      | Learned a level 3 spell: Stone Arrow
   891 | D:2      | Found a stormy altar of Qazlal.
   924 | D:2      | Reached XP level 4. HP: 9/24 MP: 0/8
  1326 | D:2      | Identified the +10 hand axe of Barnacled Subterfuge {holy,
                  | Int+4}
  1383 | D:2      | Reached skill level 2 in Conjurations
  1670 | D:2      | Found a faded altar of an unknown god.
  2007 | D:2      | Noticed Robin
  2014 | D:2      | Killed Robin
  2658 | D:3      | Reached skill level 5 in Earth Magic
  2734 | D:3      | Reached XP level 5. HP: 28/28 MP: 5/9
  3683 | D:3      | Found a sparkling altar of Nemelex Xobeh.
  3813 | D:4      | Found a glowing drain.
  3836 | Sewer    | Entered a sewer
  4310 | Sewer    | Reached XP level 6. HP: 33/33 MP: 11/11
  4464 | Sewer    | Found a viscous altar of Jiyva.
  4584 | D:4      | Found a radiant altar of Vehumet.
  4596 | D:4      | Reached skill level 3 in Conjurations
  4678 | D:4      | Found an ornate altar of the Wu Jian Council.
  4955 | D:4      | Learned a level 2 spell: Passwall
  5266 | D:4      | Found a staircase to the Ecumenical Temple.
  5287 | D:4      | Reached XP level 7. HP: 37/37 MP: 13/13
  5351 | D:4      | Found Hud Hodd's Distillery.
  5357 | D:4      | Bought a potion of curing for 30 gold pieces
  5357 | D:4      | Bought a potion of heal wounds for 50 gold pieces
  5619 | D:5      | Entered Level 5 of the Dungeon
  5688 | D:5      | Identified the +5 mace "Uprigume" {spect, *Slow Str+5 Int+8
                  | Stlth-}
  5694 | D:5      | Reached skill level 1 in Armour
  5752 | D:5      | Reached skill level 1 in Fighting
  5752 | D:5      | Reached skill level 4 in Conjurations
  5850 | D:5      | Found a shadowy altar of Dithmenos.
  6205 | D:5      | Reached skill level 5 in Conjurations
  6205 | D:5      | Reached XP level 8. HP: 43/43 MP: 15/15
  6210 | D:5      | Reached skill level 5 in Spellcasting
  6223 | D:5      | Reached skill level 1 in Long Blades
  6630 | D:5      | Reached skill level 6 in Conjurations
  6802 | D:5      | Found a shimmering altar of Xom.
  6938 | D:6      | Reached XP level 9. HP: 49/49 MP: 1/17
  6971 | D:6      | Reached skill level 7 in Conjurations
  8199 | D:6      | Identified a scroll of acquirement
  8199 | D:6      | Acquired a book of the Spheres
  8556 | D:7      | Learned a level 5 spell: Iskenderun's Battlesphere
  8840 | D:7      | Noticed Pikel
  8859 | D:7      | Killed Pikel
  8860 | D:7      | Reached skill level 8 in Conjurations
  8873 | D:7      | Reached XP level 10. HP: 42/58 MP: 6/19
  9236 | D:7      | Found the +4 robe of Augmentation {Str+4 Int+4 Dex+4}
  9438 | D:7      | Reached skill level 5 in Fighting
  9701 | D:7      | Acquired the +3 warlock's mirror {reflect}
  9701 | D:7      | Found the +3 warlock's mirror {reflect}
 10647 | Temple   | Entered the Ecumenical Temple
 10657 | Temple   | Became a worshipper of the Shining One
 10781 | D:8      | Learned a level 5 spell: Fireball
 10815 | D:8      | Found Epalload's Antique Weapon Shoppe.
 10828 | D:8      | Found an ancient bone altar of Kikubaaqudgha.
 10959 | D:8      | Found a burning altar of Makhleb.
 11190 | D:8      | Reached skill level 9 in Conjurations
 11229 | D:9      | Noticed Maurice
 11422 | D:9      | Noticed a catoblepas
 11427 | D:9      | Killed a catoblepas
 11428 | D:9      | Reached skill level 1 in Invocations
 11505 | D:9      | Noticed Psyche
 11508 | D:9      | Killed Psyche
 11646 | D:9      | Found a staircase to the Lair.
 11777 | D:9      | Reached XP level 11. HP: 66/66 MP: 19/22
 11949 | D:9      | Found a transporter.
 11950 | D:9      | Identified the +4 chain mail of Moral Flaws {rF+ Regen+
                  | Str+8}
 11955 | D:9      | Noticed NoOffense's ghost (novice SpEE)
 11960 | D:9      | Killed Maurice
 11966 | D:9      | Noticed a moth of wrath
 12210 | D:9      | Found a transporter.
 12476 | D:9      | Found a sacrificial altar of Ru.
 12535 | D:9      | Found a bloodstained altar of Trog.
 12923 | D:10     | Entered Level 10 of the Dungeon
 13195 | D:10     | Reached * piety under the Shining One
 13347 | D:10     | Noticed Snorg
 13354 | D:10     | Killed Snorg
 13355 | D:10     | Reached skill level 10 in Conjurations
 14275 | D:11     | Noticed a manticore
 14284 | D:11     | Killed a manticore
 14631 | D:11     | Reached skill level 5 in Invocations
 14650 | D:11     | Reached skill level 10 in Earth Magic
 14828 | D:11     | Reached XP level 12. HP: 66/73 MP: 24/24
 14857 | D:11     | Reached ** piety under the Shining One
 15294 | D:11     | Found a staircase to the Orcish Mines.
 15841 | D:12     | Identified the +9 broad axe "Plog" {drain, rElec Will- MP+9
                  | Dex+5}
 16014 | D:12     | HP: 2/73 [manticore (15)]
 16031 | D:12     | Reached skill level 11 in Conjurations
 16395 | D:12     | Noticed a five-headed hydra
 16402 | D:12     | Killed a five-headed hydra
 16715 | D:13     | Found Meexyare's Book Shoppe.
 16853 | D:13     | Reached skill level 5 in Armour
 17072 | D:13     | Reached skill level 12 in Conjurations
 17223 | D:13     | Noticed a tengu warrior
 17229 | D:13     | Killed a tengu warrior
 17325 | D:13     | Noticed a four-headed hydra
 17328 | D:13     | Killed a four-headed hydra
 17396 | D:13     | Reached *** piety under the Shining One
 17401 | D:13     | Slain by a meliai

Illustrated notes

Levels and vault maps discovered:
D:1:      minmay_arrival_three_doors, layout_rooms
D:2:      layout_loops_ring, hellmonk_ecumenical_altar_zigzags, serial_forest,
          infiniplex_forest_straight_2, infiniplex_forest_straight_3,
          infiniplex_forest_lined_3_way, infiniplex_forest_lined_room_,
          infiniplex_forest_zigzag_1, infiniplex_forest_lined_4_way,
          infiniplex_forest_clump_small, basic_altar, minmay_octomino_e4,
          uniq_robin
D:3:      layout_loops_ring, old_standard_altar
D:4:      layout_gridville, mainiacjoe_overflow_brackets, fiery_altar_vehumet,
          minmay_temple_entry_from_below_a, gup_sewer_entry_glass, serial_shops,
          shop, due_unseen_surprise
D:5:      layout_rooms, tgw_xom, mainiacjoe_overflow_chevrons
D:6:      layout_basic, minmay_checkerbox
D:7:      layout_cave_pods, kennysheep_potato, uniq_pikel
D:8:      layout_rooms, mainiacjoe_overflow_divided_tiny, serial_shops,
          nicolae_stop_n_shop_2, minmay_circle_x
D:9:      layout_loops_corners, mainiacjoe_overflow_catwalk,
          overflow_temple_1_default, dpeg_oklobed_lair,
          gammafunk_ghost_berserking_beasts, uniq_maurice, uniq_psyche
D:10:     layout_loops_corners, uniq_snorg
D:11:     layout_basic, erik_orc_2
D:12:     layout_basic, nicolae_splish_splash
D:13:     layout_basic, grunt_vaults_entry_fortified, serial_shops,
          nicolae_take_the_stairs, serial_glass, glass_columns_a,
          glass_columns_a
Temple:   nicolae_temple_god_jail

Skill      XL: |  1  2  3  4  5  6  7  8  9 10 11 12 |
---------------+-------------------------------------+-----
Conjurations   | 1 2 3 5 6 8 9 10 12 | 12.2
Earth Magic    | 4 5 6 7 8 9 10 | 10.9
Spellcasting   | 3 4 5 6 7 8 9 |  9.4
Dodging        | 2 3 |  3.2
Armour         | 1 2 3 4 5 |  5.2
Fighting       | 1 2 4 6 7 8 |  8.9
Long Blades    | 2 3 4 |  4.9
Invocations    | 2 5 |  5.3
Stealth        | |  2.1
Unarmed Combat | |  0.1
Transmutations | |  0.7
Fire Magic     | |  0.1
Evocations     | |  0.3

Action                   |  1- 3 |  4- 6 |  7- 9 | 10-12 || total
-------------------------+-------+-------+-------+-------++-------
Melee: Unarmed           |     3 |       |       |       ||     3
       Dagger            |     4 |       |       |       ||     4
       Short sword       |    12 |    12 |       |       ||    24
       Falchion          |       |    52 |    46 |   182 ||   280
Throw: Stone             |       |     1 |       |       ||     1
 Cast: Sandblast         |    30 |    34 |     4 |     5 ||    73
       Stone Arrow       |     3 |    80 |   111 |   273 ||   467
       Passwall          |       |     2 |     2 |       ||     4
       Iskenderun's Batt |       |       |       |    15 ||    15
       Fireball          |       |       |       |     1 ||     1
Invok: Divine Shield     |       |       |       |     1 ||     1
Evoke: Wand              |       |       |       |     7 ||     7
  Use: Scroll            |     1 |     5 |     6 |    13 ||    25
       Potion            |       |       |       |     3 ||     3
Armor: Robe              |    12 |    19 |       |    49 ||    80
       Leather armour    |       |       |    28 |       ||    28
       Ring mail         |       |       |     8 |       ||     8
       Chain mail        |       |       |       |   158 ||   158
Dodge: Dodged            |    34 |    59 |    69 |   114 ||   276
Block: Buckler           |       |       |       |    87 ||    87
       Reflection        |       |       |       |     5 ||     5
